 Dungeon Crawl Stone Soup version 0.32-a0-921-g04a7ad8e02 (webtiles) character file.

Game seed: 16492824911572413138

165 Flippered the Digger (level 5, -2/38 HPs)
             Began as a Mountain Dwarf Earth Elementalist on Apr 12, 2024.
             Slain by a sleepcap (17 damage)
             ... on level 3 of the Dungeon.
             The game lasted 00:04:52 (2206 turns).

Flippered the Digger (MDEE)                         Turns: 2206, Time: 00:04:52

Health: -2/38      AC:  5    Str: 11    XL:     5   Next: 21%
Magic:  0/7        EV:  2    Int: 17    God:
Gold:   118        SH:  0    Dex: 10    Spells: 6/7 levels left

rFire   . . .        g - +0 rapier
rCold   . . .        m - +0 buckler
rNeg    . . .        d - +0 leather armour
rPois   .            (no helmet)
rElec   .            c - scarf {shadows}
rCorr   .            (no gloves)
SInv    .            e - +1 pair of boots
Will    .....        j - amulet of faith
Stlth   +            (no ring)
HPRegen 0.26/turn    (no ring)
MPRegen 0.10/turn

%: faith
@: sleeping
A: runic magic, artefact enchanting
a: no special abilities


You were on level 3 of the Dungeon.
You visited 1 branch of the dungeon, and saw 3 of its levels.

You collected 118 gold pieces.

Inventory:

Hand Weapons
 g - a +0 rapier (weapon)
Armour
 c - a scarf of shadows (worn)
 d - a +0 leather armour (worn)
 e - a +1 pair of boots (worn)
 m - a +0 buckler (worn)
Jewellery
 j - an amulet of faith (around neck)
Scrolls
 a - a scroll of acquirement {unknown}
 h - 2 scrolls of teleportation {unknown}
 i - a scroll of revelation {unknown}
 k - a scroll of identify {unknown}
Potions
 b - a potion of magic
 f - a potion of heal wounds {unknown}
 l - a potion of invisibility {unknown}


   Skills:
 - Level 1.3 Dodging
 - Level 1.4 Stealth
 - Level 1.7 Spellcasting
 - Level 0.8 Conjurations
 * Level 6.6 Earth Magic


You had 6 spell levels left.
You knew the following spells:

 Your Spells              Type           Power      Damage    Failure   Level
a - Sandblast             Erth           46%        2d11      1%          1

Your spell library contained the following spells:

 Spells                   Type           Power      Damage    Failure   Level
 Passwall                 Erth           23%        N/A       6%          3
 Stone Arrow              Conj/Erth      28%        3d8       21%         3
 Brom's Barrelling Bould  Conj/Erth      14%        2d4       54%         4
 Petrify                  Alch/Erth      12%        N/A       63%         4


Dungeon Overview and Level Annotations

Branches:
Dungeon (3/15)

Altars:
Elyvilon


Innate Abilities, Weirdness & Mutations

Your spellcasting is much less encumbered by armour.
You can use scrolls of enchantment on lesser artefacts.


Message History

The sleepcap releases spores at you.
You are engulfed in a cloud of soporific spores!
You fall asleep.
The sleepcap releases spores at you.
You wake up.
The blast of sand hits the sleepcap.
The sleepcap is moderately damaged.
The sleepcap releases spores at you.
The blast of sand hits the sleepcap!
The sleepcap is severely damaged.
The sleepcap releases spores at you but does no damage.
The sleepcap misses you.
The blast of sand hits the sleepcap.
The sleepcap is almost destroyed.
The sleepcap barely misses you.
The blast of sand hits the sleepcap but does no damage.
The sleepcap is almost destroyed.
The sleepcap barely misses you. x2
The blast of sand hits the sleepcap but does no damage.
The sleepcap is almost destroyed.
The sleepcap releases spores at you.
You are engulfed in a cloud of soporific spores!
You fall asleep.
The sleepcap releases spores at you.
You wake up.
You are engulfed in a cloud of soporific spores!
You are unaffected.
The blast of sand hits the sleepcap.
The sleepcap is almost destroyed.
The sleepcap barely misses you. The sleepcap closely misses you.
The sleepcap attacks as it pursues you! The sleepcap releases spores at you.
You are engulfed in a cloud of soporific spores!
You are unaffected.
You hit the sleepcap.
You destroy the sleepcap!
The blast of sand hits the sleepcap.
The sleepcap is lightly damaged.
The sleepcap releases spores at you!
You are engulfed in a cloud of soporific spores!
You fall asleep.
The sleepcap releases spores at you!
You die...

##....# ♣♣♣
###...#.#
##♣..♣♣♣#.....###
#
#......♣♣♣##[.ß#
## #...f...
#..####.
#...f.f♣♣♣
#..##..# #f♣
♣♣♣.# #..####.
#f♣♣♣♣..## #..ß#
##
#.@†..######..##
# ####..........#
#..........#
###ß###ß###⌠# ###
### ##


You could see 2 sleepcaps.

Vanquished Creatures
  An orc priest (D:2)
  A sleepcap (D:3)
  5 adders
  A ribbon worm (D:3)
  2 orcs (D:2)
  5 ball pythons
  3 bats
  7 endoplasms
  2 giant cockroaches
  4 goblins
  10 hobgoblins
  5 kobolds
  3 quokkas
  4 frilled lizards
  5 rats
58 creatures vanquished.

Notes
Turn   | Place    | Note
-------+----------+-------------------------------------------
     0 | D:1      | Flippered the Mountain Dwarf Earth Elementalist began the
                  | quest for the Orb.
     0 | D:1      | Reached XP level 1. HP: 14/14 MP: 3/3
   172 | D:1      | Reached XP level 2. HP: 20/20 MP: 0/4
   174 | D:1      | Reached skill level 4 in Earth Magic
   882 | D:1      | Reached XP level 3. HP: 26/26 MP: 2/5
  1183 | D:2      | Reached skill level 5 in Earth Magic
  1255 | D:2      | Reached XP level 4. HP: 26/33 MP: 2/6
  1348 | D:2      | Found a faded altar of an unknown god.
  1466 | D:2      | Found a white marble altar of Elyvilon.
  1749 | D:2      | Reached skill level 6 in Earth Magic
  2135 | D:3      | Reached XP level 5. HP: 38/38 MP: 5/7
  2206 | D:3      | Slain by a sleepcap

Illustrated notes

Levels and vault maps discovered:
D:1:      dpeg_arrival_round_b, layout_basic, serial_forest,
          infiniplex_forest_lined_room_, infiniplex_forest_clump_double,
          infiniplex_forest_lined_3_way, infiniplex_forest_clump_double,
          infiniplex_forest_clump_long, infiniplex_forest_clump_cross,
          infiniplex_forest_clump_tiny
D:2:      layout_rooms, basic_altar,
          hellmonk_ecumenical_altar_pennies_from_heaven
D:3:      layout_loops_ring, old_standard_altar, chequers_hall_statues_corner_a,
          hellmonk_no_cap

Skill      XL: |  1  2  3  4 |
---------------+-------------+-----
Earth Magic    | 4 5 6 |  6.6
Dodging        | |  1.3
Stealth        | |  1.4
Spellcasting   | |  1.7
Conjurations   | |  0.8

Action                     |  1- 3 |  4- 6 || total
---------------------------+-------+-------++-------
  Melee: Unarmed           |     4 |       ||     4
         Hand axe          |     4 |       ||     4
         Rapier            |     2 |    26 ||    28
   Cast: Sandblast         |    43 |    46 ||    89
 Armour: Robe              |     4 |       ||     4
         Leather armour    |     2 |    36 ||    38
  Dodge: Dodged            |    10 |    34 ||    44
  Block: Buckler           |       |     2 ||     2

Table legend: (Time is in decaauts)
 A = Elapsed time spent in this place.
 B = Non-inter-level travel time spent in this place.
 C = Inter-level travel time spent in this place.
 D = Time resting spent in this place.
 E = Time spent auto-exploring this place.
 F = Levels seen in this place.
 G = Mean time per level.
                   A        B        C        D        E       F      G
               +--------+--------+--------+--------+--------+-----+--------+
         Total |   2256 |   2233 |     23 |    170 |   1590 |   3 |  752.0 |
       Dungeon |   2256 |   2233 |     23 |    170 |   1590 |   3 |  752.0 |
               +--------+--------+--------+--------+--------+-----+--------+

Top non-repeatable levels by time:
     D:1: 1098 daAuts
     D:2: 786 daAuts
     D:3: 371 daAuts
